AoeStats
← Rudelfux

Arabia

510601482Analyzed
1v1 RM · 1d ago on Oct 1, 2026· 58m 5s· 2 players
Game mode
Random Map
Map size
Tiny (2 player)
Population
200
Speed
Normal
Resources
Standard
Victory
Conquest
Starting age
Dark Age
Ending age
Imperial Age
RankedLock teamsTeams togetherTeam positionsShared explorationLock speedFull tech treeHidden civsTurbo modeCheats
Victory
Defeat
🇩🇪 Mongols · Germany
618
+14
🇩🇪 Goths · Germany
566
-14
Rudelfux
10:01 Loom
12:07 Feudal Age
12:36 Horse Collar
12:45 Double-Bit Axe
18:57 Gold Mining
21:14 Castle Age
21:44 Wheelbarrow
22:12 Scale Mail Armor
22:22 Forging
22:08 Man-at-Arms
24:12 Stone Mining
25:58 Stone Shaft Mining
25:33 Heavy Plow
26:12 Hand Cart
25:43 Town Watch
27:11 Bow Saw
29:28 Town Patrol
28:53 Long Swordsman
35:32 Squires
34:54 Pikeman
37:32 Chain Mail Armor
37:53 Iron Casting
37:08 Fletching
37:31 Scale Barding Armor
38:44 Light Cavalry
43:47 Bloodlines
43:40 Husbandry
47:48 Imperial Age
48:13 Chain Barding Armor
47:50 Bodkin Arrow
49:50 Cavalier
51:45 Blast Furnace
50:46 Bracer
Unisko.
1:40 Loom
9:59 Feudal Age
21:40 Castle Age
19:37 Double-Bit Axe
19:36 Horse Collar
26:55 Bow Saw
28:41 Stone Mining
33:57 Town Watch
35:26 Heavy Plow
37:38 Town Patrol
40:23 Fletching
40:34 Padded Archer Armor
44:42 Imperial Age
42:49 Wheelbarrow
43:37 Bodkin Arrow
43:57 Leather Archer Armor
44:38 Ballistics
47:53 Hand Cart
47:19 Elite Mangudai
49:34 Chemistry
50:53 Drill
51:16 Bracer
54:38 Hoardings
Connection lost

Rejoining the realm…

Still unreachable

The connection could not be restored.

Session expired

The server has moved on; the page needs a fresh start.